Description

For my own use. See gemini's build of the week for a better overview

Build Order

Get SALT Encoding   

  1  0:00  Probe (Chrono Boost)  Chrono nexus
  14  0:19  Pylon  
  16  0:43  Gateway  Scout
  17  0:51  Assimilator  rally probes in
  17  1:00  Probe (Chrono Boost)  Chrono nexus
  19  1:20  Nexus  
  20  1:34  Cybernetics Core  
  21  1:43  Assimilator  
  22  1:55  Pylon  
  23  2:11  Stalker  @100% Cyber. Or adept to scout
  23  2:12  Warp Gate  
    2:15  Probe (Chrono Boost)  
  29  2:37  Stargate  
    2:40  Probe (Chrono Boost)  This is the 4th and last chrono
  28  2:42  Adept  @100% stalker
  37  3:10  Oracle (Chrono Boost)  @100% stargate
  37  3:13  Gateway x2  
  42  3:35  Assimilator x2, Adept, Pylon  
  48  3:50  Robotics Facility  
  52  4:05  Oracle (Chrono Boost), Pylon  @150 gas
  56  4:26  Sentry  @100% WG
  58  4:35  Warp Prism  @100% robo
    4:40  Action  Stop @ 44 probes! (3 in gas 16 on minerals)
  60  4:45  Gateway x5  
  60  4:55  Nexus  
  60  5:03  Action  Sentry warpins
  60  5:10  Pylon  pylons at home
  60  5:15  Action  Continues stalker/sentry warpins
  67  8:00  Action  Hit @6:10 w/ 2 adepts, 8 stalkers, 8 sentries, 2 oracles
Spawning Tool Build Advisor. Get it on Overwolf

Go to:

Details

  • Created by: legion
  • Published on: Nov 23, 2017
  • Modified on: Nov 23, 2017
  • Patch: 4.0.0
Show
View Real Time Build Order
Export as new Build Order

Comments (0)

There are no comments. Be the first!

Create an account to comment!